Unix NetHack Version 3.7.0-101 Work-in-progress - last build Apr 1 2024 01:38:13 (a918b33ba548942b39fbf317ac6a96664004a8da,branch:master). Game began 2024-04-01 07:41:13, ended 2024-04-01 07:51:07. elenmirie, neutral female gnomish Archeologist ------- ---+-- ------ |%%!%.| |..`..# #######.....| |!%!!.| |....|# ##### |....| |!%%%.| |....|## ########## |_...| |%.!!.| |....| # # #-....| |]%%!.-# |....| # #------ ####-|---- -------# --.-+-####### #|>....# ## # # ### # ## -.---- #.....|######### # # |....| ##|....+# # # ######## |....| # #------ # # #### ......###### #### ##### |....| # #------- #-+------------ |....+ #...be.| #|....{.......+ |....| |..(i@| #.<...........| ------ ###......| |............| ------- |............| |...(........| -------------- Elenmirie the Field Worker St:11 Dx:10 Co:14 In:18 Wi:14 Ch:10 Neutral Dlvl:3 $:28 HP:0(25) Pw:8(8) AC:9 Xp:3/74 T:1325 Latest messages: You miss the coyote. The coyote just misses! You lash the coyote. The coyote bites! You kill the coyote! You see here a coyote corpse. There is a coyote corpse here; eat it? [ynq] (n) y This coyote corpse is stringy. You finish eating the coyote corpse. You are in full health. What do you want to throw? [$ or ?*] Never mind. What do you want to use or apply? [agijotw or ?*] w e - an uncursed +0 pick-axe. What do you want to throw? [$ or ?*] e In what direction? h The pick-axe hits the floating eye. e - an uncursed +0 pick-axe. What do you want to throw? [$ or ?*] e In what direction? l The pick-axe hits the floating eye! e - an uncursed +0 pick-axe. What do you want to throw? [$ or ?*] e In what direction? y The pick-axe misses the floating eye. You stop searching. The homunculus bites! You are put to sleep by the homunculus! The homunculus bites! The homunculus bites! The homunculus bites! The homunculus bites! The homunculus bites! The homunculus bites! The homunculus bites! The combat suddenly awakens you. You miss the homunculus. The homunculus bites! You lash the homunculus. The homunculus bites! You miss the homunculus. The homunculus bites! You are put to sleep by the homunculus! The homunculus bites! You die... Do you want your possessions identified? [ynq] (y) y Do you want to see your attributes? [ynq] (y) y Do you want an account of creatures vanquished? [ynaq] (y) y Do you want to see your conduct and achievements? [ynq] (y) y Do you want to see the dungeon overview? [ynq] (y) y Inventory: Coins $ - 28 gold pieces Weapons a - an uncursed +2 bullwhip (weapon in right hand) Armor c - an uncursed +0 fedora (being worn) l - an uncursed +0 pair of kicking boots b - a blessed +0 leather jacket (being worn) Comestibles d - 4 uncursed food rations n - an uncursed lembas wafer Tools w - an uncursed sack containing 3 items o - a cursed wooden harp i - an uncursed tin opener t - an uncursed tinning kit (0:68) j - a cursed towel Gems/Stones g - an uncursed touchstone Contents of the sack: a blessed scroll of confuse monster an uncursed potion of confusion a cursed potion of extra healing Elenmirie the Archeologist's attributes: Background: You were a Field Worker, a level 3 female gnomish Archeologist. You were neutral, on a mission for Camaxtli who was opposed by Quetzalcoatl (lawful) and Huhetotl (chaotic). You were right-handed. You were in the Dungeons of Doom, on level 3. You entered the dungeon 1325 turns ago. You had 74 experience points, 6 more were needed to attain level 4. Basics: You had 0 out of 25 hit points. You had all 8 energy points (spell power). Your armor class was 9. Your wallet contained 28 zorkmids. Autopickup was on for '$' plus thrown. Final Characteristics: Your strength was 11 (limit:18/50). Your dexterity was 10 (limit:18). Your constitution was 14 (limit:18). Your intelligence was 18 (limit:19). Your wisdom was 14 (limit:18). Your charisma was 10 (limit:18). Final Status: You weren't hungry. You were unencumbered. You were wielding a whip. You had basic skill with whip. Final Attributes: You were devoutly aligned. You were poison resistant. You had automatic searching. You had infravision. You are dead. Miscellaneous: You encountered 1 bones level. Total elapsed playing time was 9 minutes and 48 seconds. Major events: Turn 1: elenmirie the neutral female gnomish Archeologist entered the dungeon 427: entered the Gnomish Mines 534: attained the rank of Field Worker (level 3) 1325: killed by a homunculus, while sleeping Vanquished creatures: a little dog 2 orc zombies 2 coyotes a hobbit a cave spider a gecko a jackal a fox 2 goblins 6 sewer rats 5 grid bugs 5 lichens 2 kobold zombies 5 newts 35 creatures vanquished. No species were genocided or became extinct. Voluntary challenges: You were illiterate. You never engraved Elbereth. You never genocided any monsters. You never polymorphed an object. You never changed form. You used no wishes. Achievements: You entered a shop. You entered the Gnomish Mines. You attained the rank of Field Worker. The Dungeons of Doom: levels 1 to 3 Level 1: Level 2: Stairs down to The Gnomish Mines. Level 3: <- You were here. An altar to Camaxtli, some fountains. Final resting place for you, killed by a homunculus, while sleeping. The Gnomish Mines: levels 3 to 4 Level 3: Level 4: A grave. Final resting place for samiam-Tou-Hum-Mal-Neu, killed by a killer bee. Game over: ---------- / \ / REST \ / IN \ / PEACE \ / \ | elenmirie | | 28 Au | | killed by a | | homunculus | | | | | | 2024 | *| * * * | * _________)/\\_//(\/(/\)/\//\/|_)_______ Goodbye elenmirie the Archeologist... You died in The Dungeons of Doom on dungeon level 3 with 472 points, and 28 pieces of gold, after 1325 moves. You were level 3 with a maximum of 25 hit points when you died.